 Dungeon Crawl Stone Soup version 0.27-a0-652-g2d5cf1dcd3 (webtiles) character file.

Game seed: 17096690159917315785

23672 Ijustatesigmund the Cleaver (level 12, -4/147 HPs)
             Began as a Demonspawn Fighter on Mar 15, 2021.
             Was an Elder of Cheibriados.
             Slain by a cane toad (7 damage)
             ... on level 1 of the Lair of Beasts on Mar 16, 2021.
             The game lasted 00:39:41 (20432 turns).

Ijustatesigmund the Cleaver (Demonspawn Fighter)   Turns: 20432, Time: 00:39:41

Health: -4/147     AC: 26    Str: 27    XL:     12   Next: 73%
Magic:  0/17       EV:  2    Int: 22    God:    Cheibriados [****..]
Gold:   418        SH: 13    Dex: 25    Spells: 11/11 levels left

rFire    . . .     SeeInvis +   a - +2 broad axe
rCold    . . .     Faith    .   c - +1 kite shield
rNeg     + + +     Spirit   +   (armour currently unavailable)
rPois    +         Reflect  .   (helmet currently unavailable)
rElec    .         Harm     .   (cloak currently unavailable)
rCorr    .         Rampage  .   (gloves unavailable)
Will     +....     NoTele   +   (boots currently unavailable)
Stlth    ++........             F - amulet of guardian spirit
HPRegen  0.34/turn              y - ring of willpower
MPRegen  0.15/turn              E - ring of see invisible

@: tree-form, very slow
A: stationary, stasis, torment immunity, boosted hp, (claws 3), (slimy green
scales 1), powered by pain 1, low mp 1, evolution 2
a: Renounce Religion, Bend Time, Temporal Distortion, Slouch


You were on level 1 of the Lair of Beasts.
You worshipped Cheibriados.
Cheibriados was greatly pleased with you.
You were a tree.
You visited 3 branches of the dungeon, and saw 15 of its levels.

You collected 832 gold pieces.
You spent 414 gold pieces at shops.

Inventory:

Hand Weapons
 a - a +2 broad axe (weapon)
 j - a +8 morningstar of freezing
 q - the +9 hand crossbow "Igrauph" {venom, rElec Int+6 Dex-3}
   (You bought it in a shop on level 4 of the Dungeon)

   It poisons the ammo it fires.
   It affects your intelligence (+6).
   It affects your dexterity (-3).
   It insulates you from electricity.
 v - a +0 vampiric hand axe
Missiles
 x - 99 bolts
Armour
 b - a +0 chain mail (melded)
 c - a +1 kite shield (worn)
 f - a +1 pair of boots (melded)
Jewellery
 l - a ring of fire
 y - a ring of willpower (right branch)
 C - a ring of fire
 E - a ring of see invisible (left branch)
 F - an amulet of guardian spirit (around neck)
Wands
 o - a wand of flame (46)
 u - a wand of paralysis (5)
Scrolls
 d - 3 scrolls of magic mapping
 w - a scroll of immolation
 B - 2 scrolls of fog
Potions
 e - a potion of ambrosia
 g - a potion of magic
 h - a potion of flight
 i - 3 potions of attraction
 n - 2 potions of resistance
 s - a potion of cancellation
 t - 2 potions of haste
 z - a potion of mutation
 A - a potion of brilliance {unknown}
Miscellaneous
 k - a lightning rod (inert)


   Skills:
 + Level 10.5 Fighting
 + Level 11.1 Axes
 - Level 5.4 Crossbows
 + Level 7.6 Armour
 - Level 5.2 Dodging
 - Level 5.3 Shields
 + Level 10.1 Invocations
 - Level 3.0 Evocations


You had 11 spell levels left.
You didn't know any spells.
Your spell library contained the following spells:

 Spells                   Type           Power      Damage    Failure   Level
 Animate Skeleton         Necr           0%         N/A       50%         1
 Beastly Appendage        Tmut           0%         N/A       50%         1
 Corona                   Hex            0%         N/A       50%         1
 Freeze                   Ice            0%         1d3       50%         1
 Pain                     Necr           0%         1d4       50%         1
 Sting                    Tmut/Pois      0%         1d3       50%         1
 Summon Small Mammal      Summ           0%         N/A       50%         1
 Ensorcelled Hibernation  Hex/Ice        0%         N/A       65%         2
 Poisonous Vapours        Pois/Air       0%         N/A       65%         2
 Confusing Touch          Hex            0%         N/A       86%         3
 Dazzling Flash           Conj/Hex       0%         N/A       86%         3
 Ignite Poison            Fire/Tmut/Pois 0%         N/A       86%         3
 Mephitic Cloud           Conj/Pois/Air  0%         N/A       86%         3
 Tukima's Dance           Hex            0%         N/A       86%         3
 Olgreb's Toxic Radiance  Pois           0%         N/A       99%         4


Dungeon Overview and Level Annotations

Branches:
Dungeon (13/15)            Temple (1/1) D:5            Lair (1/6) D:10
    Orc (0/2) D:12
 Vaults: D:13-14

Altars:
Ashenzari
Cheibriados
Dithmenos
Elyvilon
Fedhas
Gozag
Hepliaklqana
Kikubaaqudgha
Makhleb
Nemelex Xobeh
Okawaru
Qazlal
Ru
Sif Muna
Trog
Uskayaw
Vehumet
Wu Jian
Xom
Yredelemnul
Zin
The Shining One

Shops:
D:4 (**=   D:7 !


Innate Abilities, Weirdness & Mutations

You are a tree.
Your roots penetrate the ground, keeping you stationary.
You cannot be teleported.
You are immune to unholy pain and torment.
Your maximum health is greatly increased.
Your equipment is partially melded.
((You have claws for hands.))
((You are partially covered in slimy green scales. (AC +2)))
You sometimes gain a little power by taking damage.
Your magical capacity is low. (-10% MP)
You rapidly evolve.


Message History

Found a scroll of enchant weapon.
Aiming: Paralyse
Press: ? - help, Shift-Dir - straight line, f - komodo dragon
Aim: a komodo dragon (chance to affect: 37%)
The komodo dragon easily resists.
Aiming: Paralyse
Press: ? - help, Shift-Dir - straight line, f/p - komodo dragon
Aim: a komodo dragon (chance to affect: 37%)
The komodo dragon easily resists.
The flow of time bends around you.
The komodo dragon resists with some effort.
You block the komodo dragon's attack.
The komodo dragon bites you but does no damage.
You see here a scroll of enchant weapon.
Okay, then.
It was a potion of cancellation.
You feel magically purged. The komodo dragon bites you.
* * * LOW HITPOINT WARNING * * *
The komodo dragon bites you.
* * * LOW HITPOINT WARNING * * *
Found a dagger.
Aiming: Thunderbolt
Press: ? - help, Shift-Dir - straight line, f/p - komodo dragon
Aim: a komodo dragon The thunderbolt hits the komodo dragon!
The komodo dragon is moderately wounded.
The thunderbolt hits the cane toad.
The cane toad is moderately wounded.
The lightning rod overheats!
The komodo dragon bites you.
* * * LOW HITPOINT WARNING * * *
It was a potion of lignification.
You turn into a tree.
Your +1 pair of boots melds into your body.
Your +0 chain mail melds into your body.
Your roots penetrate the ground.
You block the komodo dragon's attack.
The cane toad stings you but does no damage.
You slash the komodo dragon!
The komodo dragon is heavily wounded.
You slash the cane toad! You block the komodo dragon's attack.
The cane toad stings you!
You die...

......... #..).
........... #...#
##....####P#P ##...#
...... #### P...+
..#....
#.......#....#
#...#........#
#.......#....P #
#..♣#...#....# #
#.Fl#...#....# #
#...#...#....#######
#...+...#......†.l†.
#...#...#...........
#...##.#............
#.[....F........$...
#####.####.######.#.
### ### ####


You could see a komodo dragon and a cane toad.

Vanquished Creatures
  Josephine (D:11)
  3 boulder beetles
  Fannar (D:11)
  2 centaur warriors (D:13)
  2 tengu warriors (D:13)
  A two-headed ogre (D:12)
  Urug (D:11)
  Nergalle (Lair:1)
  An unseen horror (D:11)
  A wizard (D:13)
  5 large abominations (D:13)
  2 ugly things
  A cane toad (Lair:1)
  A gargoyle (D:12)
  2 centaur skeletons
  2 komodo dragons
  2 tengu conjurers (D:13)
  4 trolls
  A hornet (D:13)
  Prince Ribbit (D:6)
  A blink frog (Lair:1)
  A meliai zombie (D:13)
  6 small abominations (D:13)
  3 yaks (D:13)
  2 shadows
  7 wraiths
  Grum (D:10)
  3 wargs (D:10)
  A two-headed ogre zombie (D:12)
  A soldier ant (D:13)
  2 water moccasins
  2 orc warriors
  2 sky beasts
  4 ice beasts
  2 black bears (D:11)
  3 wolves (D:10)
  7 ogres
  7 centaurs
  3 phantoms
  4 kobold brigands
  5 bullfrogs
  3 scorpions
  2 troll zombies (D:12)
  7 killer bees (D:8)
  14 wights
  4 electric eels (D:10)
  A howler monkey (D:9)
  3 bullfrog zombies
  A quasit (D:11)
  8 orc priests
  5 jellies
  6 hounds
  2 bullfrog skeletons
  12 orc wizards
  3 iguanas
  7 worker ants
  A killer bee zombie (D:8)
  5 ogre zombies (D:12)
  2 worker ant zombies
  2 howler monkey skeletons
  A gnoll (D:1)
  2 river rats (Lair:1)
  15 adders
  3 shadow imps
  4 white imps
  An ufetubus (D:7)
  An ooze (D:3)
  2 adder skeletons
  A worm (D:3)
  2 dart slugs
  7 leopard geckos
  30 orcs
  3 giant cockroaches
  12 goblins
  6 hobgoblins
  6 quokkas
  A ball python (D:1)
  9 bats
  5 frilled lizards
  A goblin zombie (D:12)
  6 hobgoblin zombies (D:12)
  29 kobolds
  An orc skeleton (D:12)
  16 orc zombies (D:12)
  2 quokka zombies
  9 rats
365 creatures vanquished.

Vanquished Creatures (others)
  A fungus (Lair:1)
  3 plants (Lair:1)
  9 withered plants (D:6)
13 creatures vanquished.

Grand Total: 378 creatures vanquished

Notes
Turn   | Place    | Note
-------+----------+-------------------------------------------
     0 | D:1      | Ijustatesigmund the Demonspawn Fighter began the quest for
                  | the Orb.
     0 | D:1      | Reached XP level 1. HP: 18/18 MP: 1/1
    73 | D:1      | Reached skill level 2 in Axes
   262 | D:1      | Gained mutation: You have sharp fingernails. [demonic
                  | ancestry]
   262 | D:1      | Reached XP level 2. HP: 24/24 MP: 2/2
   336 | D:1      | Found a broken altar of Ashenzari.
   595 | D:1      | Found a blossoming altar of Fedhas.
   878 | D:2      | Reached skill level 1 in Dodging
   891 | D:2      | Reached XP level 3. HP: 29/29 MP: 3/3
  1483 | D:2      | Reached skill level 3 in Axes
  1714 | D:3      | Gained mutation: You are partially covered in slimy green
                  | scales. (AC +2) [demonic ancestry]
  1714 | D:3      | Reached XP level 4. HP: 35/35 MP: 4/4
  1864 | D:3      | Reached XP level 5. HP: 15/42 MP: 5/5
  2824 | D:4      | Reached skill level 4 in Axes
  2998 | D:4      | Noticed a phantom
  3024 | D:4      | Killed a phantom
  3025 | D:4      | Gained mutation: You have very sharp fingernails. [demonic
                  | ancestry]
  3025 | D:4      | Reached XP level 6. HP: 35/48 MP: 6/6
  3114 | D:4      | Found Hijefaake's General Store.
  3120 | D:4      | Bought a scroll of identify for 24 gold pieces
  3261 | D:4      | Found Nomegot's Antique Weapon Shop.
  3273 | D:4      | Bought a dazzling hand crossbow for 195 gold pieces
  3273 | D:4      | Identified the +9 hand crossbow "Igrauph" {venom, rElec
                  | Int+6 Dex-3} (You bought it in a shop on level 4 of the
                  | Dungeon)
  3692 | D:4      | Found Fukh's Assorted Antiques.
  3772 | D:4      | Reached skill level 1 in Crossbows
  3892 | D:4      | Found Jodofuw's Jewellery Shop.
  4182 | D:4      | Reached skill level 5 in Axes
  4195 | D:4      | Reached XP level 7. HP: 51/55 MP: 7/7
  4314 | D:5      | Entered Level 5 of the Dungeon
  4318 | D:5      | Found a staircase to the Ecumenical Temple.
  4324 | Temple   | Entered the Ecumenical Temple
  4769 | D:5      | Reached skill level 5 in Fighting
  5724 | D:6      | Found an ancient bone altar of Kikubaaqudgha.
  5780 | D:6      | Reached skill level 6 in Axes
  6058 | D:6      | Reached XP level 8. HP: 29/63 MP: 8/8
  6484 | D:6      | Found a stormy altar of Qazlal.
  6572 | D:6      | Noticed Prince Ribbit
  6579 | D:6      | Killed Prince Ribbit
  6781 | D:6      | Found a shimmering blue altar of Sif Muna.
  6888 | D:7      | Reached skill level 7 in Axes
  7202 | D:7      | Found a burning altar of Makhleb.
  7316 | D:4      | Bought an emerald potion for 26 gold pieces
  7316 | D:4      | Bought a scroll labelled NER SUSHRUDGHAT for 29 gold pieces
  7477 | D:7      | Found a sparkling altar of Nemelex Xobeh.
  7619 | D:7      | Found Amiorr's Distillery.
  7624 | D:7      | Bought a potion of heal wounds for 70 gold pieces
  7624 | D:7      | Bought a potion of heal wounds for 70 gold pieces
  8055 | D:8      | Found a radiant altar of Vehumet.
  8056 | D:8      | Found an opulent altar of Gozag.
  8602 | D:8      | Gained mutation: You have claws for hands. [demonic
                  | ancestry]
  8602 | D:8      | Reached XP level 9. HP: 53/70 MP: 9/9
  8777 | D:8      | Found a shimmering altar of Xom.
  8778 | D:8      | Found a shimmering altar of Xom.
  8780 | D:8      | Found a shimmering altar of Xom.
  8791 | D:8      | Reached skill level 8 in Axes
  8794 | D:8      | Found a shimmering altar of Xom.
  8794 | D:8      | Found a shimmering altar of Xom.
  9147 | D:8      | Found a sacrificial altar of Ru.
  9183 | D:8      | HP: 3/71 [poisoned by a killer bee]
  9613 | D:8      | Reached skill level 5 in Armour
  9938 | Temple   | Became a worshipper of Cheibriados the Contemplative
 10113 | D:9      | Reached skill level 1 in Invocations
 10426 | D:9      | Reached skill level 9 in Axes
 10490 | D:9      | Noticed a purple ugly thing
 10508 | D:9      | Killed a purple ugly thing
 10511 | D:9      | Reached * piety under Cheibriados
 10512 | D:9      | Reached XP level 10. HP: 33/80 MP: 12/12
 10736 | D:9      | Found a stormy altar of Qazlal.
 11145 | D:9      | Reached ** piety under Cheibriados
 11432 | D:10     | Entered Level 10 of the Dungeon
 12252 | D:10     | Identified Umeyzuwn's Beginning Course on Witchcraft
 12273 | D:10     | Noticed Grum
 12301 | D:10     | Killed Grum
 12933 | D:10     | Found a staircase to the Lair.
 12948 | D:10     | Reached skill level 5 in Crossbows
 13427 | D:11     | Noticed Josephine
 13590 | D:11     | Noticed Fannar
 13806 | D:10     | Reached skill level 5 in Invocations
 13909 | D:11     | Killed Fannar
 14288 | D:10     | Reached *** piety under Cheibriados
 14457 | D:11     | Killed Josephine
 14458 | D:11     | Reached XP level 11. HP: 62/87 MP: 15/15
 14656 | D:11     | Found a basalt altar of Yredelemnul.
 14682 | D:11     | Noticed a boulder beetle
 14692 | D:11     | Killed a boulder beetle
 14705 | D:11     | Killed an unseen horror
 14823 | D:11     | Noticed Urug
 14833 | D:11     | Killed Urug
 15077 | D:11     | Reached skill level 10 in Axes
 15247 | D:11     | Upgraded the game from 0.27-a0-637-g3a9f0a9c12 to
                  | 0.27-a0-652-g2d5cf1dcd3
 15286 | D:12     | Noticed a two-headed ogre
 15293 | D:12     | Killed a two-headed ogre
 15910 | D:12     | Found a staircase to the Orcish Mines.
 15933 | D:12     | Reached **** piety under Cheibriados
 16001 | D:12     | Noticed a boulder beetle
 16008 | D:12     | Killed a boulder beetle
 16009 | D:12     | Reached skill level 5 in Shields
 16011 | D:12     | Reached skill level 5 in Dodging
 16316 | D:12     | Noticed a white ugly thing
 16326 | D:12     | Killed a white ugly thing
 16758 | D:12     | Reached ***** piety under Cheibriados
 17317 | D:13     | Noticed a boulder beetle
 17337 | D:13     | Killed a boulder beetle
 17519 | D:13     | Noticed a tengu warrior
 17519 | D:13     | Noticed a tengu warrior
 17533 | D:13     | Killed a tengu warrior
 17534 | D:13     | Gained mutation: You sometimes gain a little power by
                  | taking damage. [demonic ancestry]
 17534 | D:13     | Reached XP level 12. HP: 37/97 MP: 9/18
 17546 | D:13     | Killed a tengu warrior
 17547 | D:13     | Reached skill level 1 in Evocations
 18377 | D:13     | Noticed a centaur warrior
 18388 | D:13     | Killed a centaur warrior
 18547 | D:13     | Noticed a centaur warrior
 18559 | D:13     | Killed a centaur warrior
 18560 | D:13     | Reached skill level 10 in Fighting
 20149 | D:13     | Reached skill level 11 in Axes
 20182 | D:13     | Identified the +6 long sword of Wykiam {holy, Int+2}
 20319 | Lair:1   | Entered Level 1 of the Lair of Beasts
 20359 | Lair:1   | Noticed Nergalle
 20373 | Lair:1   | Killed Nergalle
 20374 | Lair:1   | Reached skill level 10 in Invocations
 20382 | Lair:1   | Gained mutation: You evolve. [potion of mutation]
 20382 | Lair:1   | Gained mutation: Your magical capacity is low. (-10% MP)
                  | [potion of mutation]
 20382 | Lair:1   | Gained mutation: You rapidly evolve. [potion of mutation]
 20429 | Lair:1   | HP: 2/98 [komodo dragon (6)]
 20432 | Lair:1   | Slain by a cane toad

Illustrated notes

Levels and vault maps discovered:
D:1:      minmay_arrival_four_circles, layout_loops_ring,
          kennysheep_flooded_box, ashenzari_altar_1
D:2:      layout_rooms
D:3:      layout_loops_cross
D:4:      layout_basic, serial_shops, nicolae_shop_statue_plus,
          nicolae_shop_waterfront, shop, shop_fountains
D:5:      layout_gridville, minmay_temple_entry_hall
D:6:      layout_gridville, kiku_gazebo_garden_becter, tgw_sif,
          grunt_qazlal_sundering, uniq_prince_ribbit1
D:7:      layout_loops_ring, kennysheep_mini, basic_altar, serial_shops, shop,
          nicolae_sextant
D:8:      layout_loops_corners, lemuel_doored_altar,
          chequers_temple_overflow_statue_of_worship, xom_redecorated
D:9:      layout_loops_ring, old_standard_altar
D:10:     layout_basic, erik_lair_orcish_takeover, uniq_grum
D:11:     layout_gridville, lemuel_statue_altar, uniq_urug, uniq_josephine,
          uniq_fannar
D:12:     layout_long_grid, zombieorc2_lemuel, chequers_serial_rivers_large_a
D:13:     layout_roguey, laboratory
Temple:   nicolae_temple_god_jail
Lair:1:   layout_chaotic_city, pond, grunt_megastairs_2, uniq_nergalle

Skill      XL: |  1  2  3  4  5  6  7  8  9 10 11 12 |
---------------+-------------------------------------+-----
Axes           | 2 3 4 5 6 7 9 10 11 | 11.1
Dodging        | 1 2 3 5 |  5.2
Fighting       | 4 5 6 7 8 9 10 | 10.5
Crossbows      | 1 2 5 |  5.4
Armour         | 3 4 5 6 7 |  7.6
Invocations    | 3 6 8 10 | 10.1
Shields        | 3 5 |  5.3
Evocations     | 3 |  3.0

Action                   |  1- 3 |  4- 6 |  7- 9 | 10-12 || total
-------------------------+-------+-------+-------+-------++-------
Melee: War axe           |   131 |   174 |   408 |   281 ||   994
       Morningstar       |       |       |       |    80 ||    80
       Broad axe         |       |       |       |   180 ||   180
 Fire: Hand crossbow     |       |       |    40 |   144 ||   184
Invok: Bend Time         |       |       |       |     5 ||     5
       Slouch            |       |       |       |     3 ||     3
Evoke: Wand              |       |     1 |    15 |     9 ||    25
       Lightning rod     |       |       |       |     6 ||     6
  Use: Scroll            |     3 |     6 |     9 |    11 ||    29
       Potion            |       |     7 |     4 |    12 ||    23
 Stab: Paralysed         |       |       |       |     5 ||     5
Armor: Scale mail        |    66 |   126 |    69 |       ||   261
       Chain mail        |       |       |   156 |   301 ||   457
       Skin              |       |       |       |     1 ||     1
Dodge: Dodged            |    50 |    63 |   100 |   210 ||   423
Block: Kite shield       |    74 |    91 |   209 |   525 ||   899

Table legend: (Time is in decaauts)
 A = Elapsed time spent in this place.
 B = Non-inter-level travel time spent in this place.
 C = Inter-level travel time spent in this place.
 D = Time resting spent in this place.
 E = Time spent auto-exploring this place.
 F = Levels seen in this place.
 G = Mean time per level.
                   A        B        C        D        E       F      G
               +--------+--------+--------+--------+--------+-----+--------+
         Total |  23094 |  22196 |    898 |   6543 |  12064 |  15 | 1539.6 |
       Dungeon |  22839 |  21981 |    858 |   6543 |  11987 |  13 | 1756.8 |
        Temple |    115 |     75 |     40 |      0 |     39 |   1 |  115.0 |
          Lair |    138 |    138 |      0 |      0 |     38 |   1 |  138.0 |
               +--------+--------+--------+--------+--------+-----+--------+

Top non-repeatable levels by time:
    D:13: 3679 daAuts
    D:10: 2985 daAuts
    D:12: 2325 daAuts
     D:8: 2132 daAuts
    D:11: 1899 daAuts
     D:9: 1663 daAuts
     D:4: 1584 daAuts
     D:5: 1362 daAuts
     D:6: 1320 daAuts
     D:3: 1133 daAuts
     D:7: 965 daAuts
     D:1: 904 daAuts
     D:2: 882 daAuts
  Lair:1: 138 daAuts
  Temple: 115 daAuts
